| TOP OF THE 1ST |
|
Decatur Commodores batting - Pitching for Burlington Bees : RHP Paul Soth
|
|
Pitching: RHP Paul Soth
|
|
|
Batting: LHB Alexis Marte
|
0-0: Swinging Strike 0-1: Fly out, F6 (Flyball, 56D, EV 78.1 MPH)
|
|
Batting: LHB Samuel Taves
|
0-0: Foul Ball, location: 2F 0-1: Fly out, F4 (Popup, 4, EV 53.1 MPH)
|
|
Batting: SHB Daniel Wieser
|
0-0: Ball 1-0: Called Strike 1-1: Foul Ball, location: 2F 1-2: Strikes out swinging
|
| Top of the 1st over - 0 runs, 0 hits, 0 errors, 0 left on base; Decatur 0 - Burlington 0 |
| BOTTOM OF THE 1ST |
|
Burlington Bees batting - Pitching for Decatur Commodores : RHP Fred Howard
|
|
Pitching: RHP Fred Howard
|
|
|
Batting: RHB Kenneth Patterson
|
0-0: Ball 1-0: Ball 2-0: Ball 3-0: Called Strike 3-1: Foul Ball, location: 2F 3-2: Ground out 6-3 (Groundball, 56, EV 101.3 MPH)
|
|
Batting: RHB Gregory Chinn
|
0-0: Ground out 4-3 (Groundball, 4, EV 90.0 MPH)
|
|
Batting: LHB Brian Devalk
|
0-0: Ball 1-0: Called Strike 1-1: Reached on error, E6 (Groundball, 6, EV 85.0 MPH)
|
|
Batting: RHB Bob Gergen
|
0-0: Ball 1-0: Ground out 4-3 (Groundball, 4, EV 87.5 MPH)
|
| Bottom of the 1st over - 0 runs, 0 hits, 1 error, 1 left on base; Decatur 0 - Burlington 0 |
| TOP OF THE 2ND |
|
Decatur Commodores batting - Pitching for Burlington Bees : RHP Paul Soth
|
|
Batting: LHB David Showalter
|
0-0: SINGLE (Groundball, 6MD, EV 95.0 MPH)
|
|
Batting: SHB Rondin Johnson
|
0-0: Ball 1-0: Ball 2-0: Ball 3-0: Called Strike 3-1: Base on Balls David Showalter to second
|
|
Batting: RHB Rex Farrior
|
0-0: Foul Ball, location: 2F 0-1: Ball 1-1: SINGLE (Line Drive, 9S, EV 91.9 MPH) David Showalter to third Rondin Johnson to second Runner from 3rd tries for Home, SAFE, throw by RF to home Rondin Johnson to third Rex Farrior to second
|
|
Batting: RHB William Kelley
|
0-0: Called Strike 0-1: Ball 1-1: Ball 2-1: SINGLE (Groundball, 6MD, EV 95.0 MPH) Rondin Johnson scores Rex Farrior to third Runner from 3rd tries for Home, SAFE, throw by CF to home
|
|
Batting: RHB Rafael Sanchez
|
0-0: Called Strike 0-1: Ball 1-1: Ball 2-1: TRIPLE (Groundball, 3L, EV 100.6 MPH) William Kelley scores
|
|
Batting: RHB Donald Johnson
|
0-0: Foul Ball, location: 2F 0-1: Called Strike 0-2: Foul Ball, location: 2F 0-2: SINGLE (Line Drive, 9S, EV 95.0 MPH) Rafael Sanchez scores
|
|
Batting: LHB Alexis Marte
|
0-0: Ball 1-0: Foul Ball, location: 2F 1-1: Ball 2-1: Foul Ball, location: 2F 2-2: Foul Ball, location: 2F 2-2: SINGLE (Flyball, 7S, EV 90.0 MPH) Donald Johnson to second
|
|
Batting: LHB Samuel Taves
|
0-0: Swinging Strike 0-1: Ball 1-1: Called Strike 1-2: Ball 2-2: Strikes out looking
|
|
Batting: SHB Daniel Wieser
|
0-0: Foul Ball, location: 2F 0-1: Foul Ball, location: 2F 0-2: Ball 1-2: Fly out, F8 (Flyball, 8RD, EV 90.0 MPH)
|
|
Batting: LHB David Showalter
|
0-0: Ball 1-0: Called Strike 1-1: Ground out 4-3 (Groundball, 4, EV 93.1 MPH)
|
| Top of the 2nd over - 5 runs, 6 hits, 0 errors, 2 left on base; Decatur 5 - Burlington 0 |
| BOTTOM OF THE 2ND |
|
Burlington Bees batting - Pitching for Decatur Commodores : RHP Fred Howard
|
|
Batting: RHB Rod Johnson
|
0-0: Ball 1-0: Ball 2-0: Foul Ball, location: 2F 2-1: Called Strike 2-2: Foul Ball, location: 2F 2-2: Ball 3-2: Foul Ball, location: 2F 3-2: Foul Ball, location: 2F 3-2: Reached on error, E4 (Groundball, 34, EV 87.5 MPH)
|
|
Batting: RHB Collin Tanabe
|
0-0: Fly out, F8 (Line Drive, 8LD, EV 99.4 MPH)
|
|
Batting: RHB Mike Morse
|
0-0: Ball Wild Pitch! Rod Johnson to second 1-0: Foul Ball, location: 2F 1-1: Called Strike 1-2: Foul Ball, location: 2F 1-2: Ball 2-2: DOUBLE (Line Drive, 7LM, EV 101.3 MPH) Rod Johnson scores
|
|
Batting: RHB Mark Miller
|
0-0: Foul Ball, location: 2F 0-1: Called Strike 0-2: Ground out 6-3 (Groundball, 56, EV 83.1 MPH)
|
|
Batting: LHB Jeffrey Dunn
|
0-0: Foul Ball, location: 2F 0-1: Ball 1-1: Foul Ball, location: 2F 1-2: Strikes out swinging
|
| Bottom of the 2nd over - 1 run, 1 hit, 1 error, 1 left on base; Decatur 5 - Burlington 1 |
| TOP OF THE 3RD |
|
Decatur Commodores batting - Pitching for Burlington Bees : RHP Paul Soth
|
|
Batting: SHB Rondin Johnson
|
0-0: Ball 1-0: Called Strike 1-1: Ground out 4-3 (Groundball, 4, EV 108.1 MPH)
|
|
Batting: RHB Rex Farrior
|
0-0: Ball 1-0: Ball 2-0: Called Strike 2-1: Ball 3-1: Called Strike 3-2: Base on Balls
|
|
Batting: RHB William Kelley
|
0-0: Ball Wild Pitch! Rex Farrior to second 1-0: Swinging Strike 1-1: Foul Ball, location: 2F 1-2: Ball 2-2: Strikes out swinging
|
|
Batting: RHB Rafael Sanchez
|
0-0: Ball 1-0: Swinging Strike 1-1: Swinging Strike 1-2: Strikes out swinging
|
| Top of the 3rd over - 0 runs, 0 hits, 0 errors, 1 left on base; Decatur 5 - Burlington 1 |
| BOTTOM OF THE 3RD |
|
Burlington Bees batting - Pitching for Decatur Commodores : RHP Fred Howard
|
|
Batting: RHB Kenneth Patterson
|
0-0: Ball 1-0: Called Strike 1-1: Ball 2-1: Called Strike 2-2: Foul Ball, location: 2F 2-2: Strikes out looking
|
|
Batting: RHB Gregory Chinn
|
0-0: Called Strike 0-1: Ball 1-1: SOLO HOME RUN (Flyball, 8RXD, EV 100.6 MPH), Distance : 428 ft
|
|
Batting: LHB Brian Devalk
|
0-0: Foul Ball, location: 2F 0-1: Swinging Strike 0-2: Ball 1-2: Ball 2-2: Ball 3-2: SINGLE (Groundball, 34D, EV 98.1 MPH)
|
|
Batting: RHB Bob Gergen
|
0-0: Ball 1-0: Fly out, F7 (Flyball, 78D, EV 100.0 MPH)
|
|
Batting: RHB Rod Johnson
|
0-0: Ball 1-0: Ball 2-0: Fly out, F3 (Line Drive, 3, EV 70.6 MPH)
|
| Bottom of the 3rd over - 1 run, 2 hits, 0 errors, 1 left on base; Decatur 5 - Burlington 2 |
| TOP OF THE 4TH |
|
Decatur Commodores batting - Pitching for Burlington Bees : RHP Paul Soth
|
|
Batting: RHB Donald Johnson
|
0-0: Swinging Strike 0-1: Ball 1-1: Ball 2-1: Foul Ball, location: 2F 2-2: Foul Ball, location: 2F 2-2: Strikes out swinging
|
|
Batting: LHB Alexis Marte
|
0-0: Ball 1-0: Ground out 4-3 (Groundball, 4, EV 105.0 MPH)
|
|
Batting: LHB Samuel Taves
|
0-0: Ground out U3 (Groundball, 3L, EV 90.6 MPH)
|
| Top of the 4th over - 0 runs, 0 hits, 0 errors, 0 left on base; Decatur 5 - Burlington 2 |
| BOTTOM OF THE 4TH |
|
Burlington Bees batting - Pitching for Decatur Commodores : RHP Fred Howard
|
|
Batting: RHB Collin Tanabe
|
0-0: Swinging Strike 0-1: Swinging Strike 0-2: Strikes out swinging
|
|
Batting: RHB Mike Morse
|
0-0: Ball 1-0: Ball 2-0: Ball 3-0: Base on Balls
|
|
Batting: RHB Mark Miller
|
0-0: Ball 1-0: Foul Ball, location: 2F 1-1: Called Strike 1-2: Ball 2-2: Ground out 3-1 (Groundball, 34, EV 86.3 MPH) Mike Morse to second
|
|
Batting: LHB Jeffrey Dunn
|
0-0: Ground out 4-3 (Groundball, 4, EV 88.1 MPH)
|
| Bottom of the 4th over - 0 runs, 0 hits, 0 errors, 1 left on base; Decatur 5 - Burlington 2 |
| TOP OF THE 5TH |
|
Decatur Commodores batting - Pitching for Burlington Bees : RHP Paul Soth
|
|
Batting: SHB Daniel Wieser
|
0-0: Ground out U3 (Groundball, 34, EV 84.4 MPH)
|
|
Batting: LHB David Showalter
|
0-0: Swinging Strike 0-1: Ball 1-1: Ball 2-1: Ball 3-1: Fly out, F4 (Flyball, 34D, EV 91.3 MPH)
|
|
Batting: SHB Rondin Johnson
|
0-0: Foul Ball, location: 2F 0-1: Called Strike 0-2: Strikes out swinging
|
| Top of the 5th over - 0 runs, 0 hits, 0 errors, 0 left on base; Decatur 5 - Burlington 2 |
| BOTTOM OF THE 5TH |
|
Burlington Bees batting - Pitching for Decatur Commodores : RHP Fred Howard
|
|
Batting: RHB Kenneth Patterson
|
0-0: Fly out, F8 (Flyball, 89D, EV 108.1 MPH)
|
|
Batting: RHB Gregory Chinn
|
0-0: Ball 1-0: Foul Ball, location: 2F 1-1: Ball 2-1: Called Strike 2-2: Ball 3-2: Base on Balls
|
|
Batting: LHB Brian Devalk
|
0-0: Ball 1-0: Ball 2-0: Fielders Choice at 2nd, U6 (Groundball, 4MS, EV 82.5 MPH)
|
|
Batting: RHB Bob Gergen
|
0-0: Called Strike 0-1: Ball 1-1: Ball Wild Pitch! Brian Devalk to second 2-1: Swinging Strike 2-2: Ball 3-2: Strikes out swinging
|
| Bottom of the 5th over - 0 runs, 0 hits, 0 errors, 1 left on base; Decatur 5 - Burlington 2 |
| TOP OF THE 6TH |
|
Decatur Commodores batting - Pitching for Burlington Bees : RHP Paul Soth
|
|
Batting: RHB Rex Farrior
|
0-0: Called Strike 0-1: Ground out 5-3 (Groundball, 56, EV 88.1 MPH)
|
|
Batting: RHB William Kelley
|
0-0: DOUBLE (Groundball, 5L, EV 96.3 MPH)
|
|
Batting: RHB Rafael Sanchez
|
0-0: Ball 1-0: Called Strike 1-1: Foul Ball, location: 2F 1-2: Strikes out swinging
|
|
Batting: RHB Donald Johnson
|
0-0: Ball 1-0: Ground out 5-3 (Groundball, 5, EV 106.9 MPH)
|
| Top of the 6th over - 0 runs, 1 hit, 0 errors, 1 left on base; Decatur 5 - Burlington 2 |
| BOTTOM OF THE 6TH |
|
Burlington Bees batting - Pitching for Decatur Commodores : RHP Fred Howard
|
|
Batting: RHB Rod Johnson
|
0-0: Ball 1-0: Called Strike 1-1: Ground out 4-3 (Groundball, 4, EV 82.5 MPH)
|
|
Batting: RHB Collin Tanabe
|
0-0: Called Strike 0-1: Swinging Strike 0-2: Ground out 5-3 (Groundball, 5, EV 87.5 MPH)
|
|
Batting: RHB Mike Morse
|
0-0: Called Strike 0-1: Ball 1-1: Ball 2-1: Ball 3-1: Ground out U3 (Groundball, 34S, EV 88.8 MPH)
|
| Bottom of the 6th over - 0 runs, 0 hits, 0 errors, 0 left on base; Decatur 5 - Burlington 2 |
| TOP OF THE 7TH |
|
Decatur Commodores batting - Pitching for Burlington Bees : RHP Paul Soth
|
|
Pitching: RHP Fernando Alba
|
|
|
Batting: LHB Alexis Marte
|
0-0: Swinging Strike 0-1: Swinging Strike 0-2: SINGLE (Flyball, 4MD, EV 94.4 MPH)
|
|
Batting: LHB Samuel Taves
|
0-0: Called Strike 0-1: Ball 1-1: Ball 2-1: Ball 3-1: Fly out, F8 (Flyball, 8LS, EV 84.4 MPH)
|
|
Batting: SHB Daniel Wieser
|
0-0: Foul Ball, location: 2F 0-1: Ball 1-1: Ball Alexis Marte steals 2nd base 2-1: Ball 3-1: Base on Balls
|
|
Batting: LHB David Showalter
|
0-0: Ball 1-0: Foul Ball, location: 2F 1-1: Called Strike Alexis Marte steals 3rd base 1-2: Fielders Choice at 2nd, 1-6 (Groundball, 23, EV 65.0 MPH)
|
|
Batting: SHB Rondin Johnson
|
0-0: Fly out, F2 (Popup, 25F, EV 91.9 MPH)
|
| Top of the 7th over - 0 runs, 1 hit, 0 errors, 2 left on base; Decatur 5 - Burlington 2 |
| BOTTOM OF THE 7TH |
|
Burlington Bees batting - Pitching for Decatur Commodores : RHP Fred Howard
|
|
Pitching: RHP William Martin
|
|
|
Batting: RHB Mark Miller
|
0-0: Ball 1-0: Fly out, F8 (Flyball, 8RM, EV 82.5 MPH)
|
|
Batting: LHB Jeffrey Dunn
|
0-0: Ball 1-0: Foul Ball, location: 2F 1-1: Swinging Strike 1-2: Strikes out looking
|
|
Batting: RHB Kenneth Patterson
|
0-0: Ground out 5-3 (Groundball, 56S, EV 84.4 MPH)
|
| Bottom of the 7th over - 0 runs, 0 hits, 0 errors, 0 left on base; Decatur 5 - Burlington 2 |
| TOP OF THE 8TH |
|
Decatur Commodores batting - Pitching for Burlington Bees : RHP Fernando Alba
|
|
Batting: RHB Rex Farrior
|
0-0: Called Strike 0-1: Foul Ball, location: 2F 0-2: Ball 1-2: SINGLE (Groundball, 6MD, EV 93.8 MPH)
|
|
Batting: RHB William Kelley
|
0-0: Called Strike 0-1: Fly out, F7 (Flyball, 78S, EV 81.9 MPH)
|
|
Batting: RHB Rafael Sanchez
|
0-0: Ball 1-0: Ball 2-0: Called Strike 2-1: Called Strike 2-2: Strikes out swinging
|
|
Batting: RHB Donald Johnson
|
0-0: Ball 1-0: Called Strike 1-1: Ball 2-1: Called Strike 2-2: Ball 3-2: Foul Ball, location: 2F 3-2: Base on Balls Rex Farrior to second
|
|
Pitching: LHP DeWayne Kitts
|
|
|
Batting: LHB Alexis Marte
|
0-0: Called Strike 0-1: Swinging Strike 0-2: Ground out U3 (Groundball, 34, EV 91.3 MPH)
|
| Top of the 8th over - 0 runs, 1 hit, 0 errors, 2 left on base; Decatur 5 - Burlington 2 |
| BOTTOM OF THE 8TH |
|
Burlington Bees batting - Pitching for Decatur Commodores : RHP William Martin
|
|
Batting: RHB Gregory Chinn
|
0-0: Ball 1-0: Ground out 6-3 (Groundball, 6D, EV 102.5 MPH)
|
|
Batting: LHB Brian Devalk
|
0-0: Foul Ball, location: 2F 0-1: Ball 1-1: Foul Ball, location: 2F 1-2: Ball 2-2: Strikes out swinging
|
|
Batting: RHB Bob Gergen
|
0-0: Ground out 1-3 (Groundball, 34S, EV 60.6 MPH)
|
| Bottom of the 8th over - 0 runs, 0 hits, 0 errors, 0 left on base; Decatur 5 - Burlington 2 |
| TOP OF THE 9TH |
|
Decatur Commodores batting - Pitching for Burlington Bees : LHP DeWayne Kitts
|
|
Batting: LHB Samuel Taves
|
0-0: Ball 1-0: Foul Ball, location: 2F 1-1: Called Strike 1-2: Foul Ball, location: 2F 1-2: Ball 2-2: Ball 3-2: Reached on error, E5 (Groundball, 5, EV 81.9 MPH)
|
|
Batting: SHB Daniel Wieser
|
0-0: Called Strike 0-1: Foul Ball, location: 2F 0-2: Ball 1-2: Strikes out swinging
|
|
Batting: LHB David Showalter
|
0-0: Ball 1-0: Ball 2-0: Ball 3-0: Called Strike 3-1: Base on Balls Samuel Taves to second
|
|
Batting: SHB Rondin Johnson
|
0-0: Ball 1-0: Called Strike 1-1: Ball 2-1: Fly out, F4 (Popup, 34S, EV 79.4 MPH)
|
|
Batting: RHB Rex Farrior
|
0-0: Ball 1-0: Called Strike 1-1: Ball 2-1: Fly out, F9 (Flyball, 9S, EV 83.8 MPH)
|
| Top of the 9th over - 0 runs, 0 hits, 1 error, 2 left on base; Decatur 5 - Burlington 2 |
| BOTTOM OF THE 9TH |
|
Burlington Bees batting - Pitching for Decatur Commodores : RHP William Martin
|
|
Batting: RHB Rod Johnson
|
0-0: Ball 1-0: Ball 2-0: Ball 3-0: Called Strike 3-1: Base on Balls
|
|
Batting: RHB Collin Tanabe
|
0-0: Called Strike 0-1: Ball 1-1: Called Strike 1-2: Ball 2-2: Foul Ball, location: 2F 2-2: Ball 3-2: Ground out 5-3 (Groundball, 56S, EV 74.4 MPH) Rod Johnson to second
|
|
Batting: RHB Mike Morse
|
0-0: Fly out, F5 (Popup, 25F, EV 79.4 MPH)
|
|
Batting: RHB Mark Miller
|
0-0: Ball 1-0: Ground out 4-3 (Groundball, 34, EV 83.8 MPH)
|
| Bottom of the 9th over - 0 runs, 0 hits, 0 errors, 1 left on base; Decatur 5 - Burlington 2 |
|